[Event "Team 45 45 League T67"]
[Site "Internet Chess Club"]
[Date "2015.12.14"]
[Round "2"]
[White "Heian"]
[Black "VictorRed"]
[Result "0-1"]
[WhiteElo "1728"]
[BlackElo "1811"]
[Opening "Sicilian"]
[ECO "B50"]
[Time "19:00:35"]
[TimeControl "2700+45"]

1. e4 c5 2. Nf3 d6 3. Bc4 Nf6 4. d3 e6 5. Bb3 Be7 6. c3 Nc6 7. O-O O-O 8. h3 b5
9. Be3 Bb7 10. Nbd2 d5 11. e5 Nd7 12. d4 c4 13. Bc2 b4 14. Nh2 Qa5 15. Qh5 g6
16. Qh6 bxc3 17. bxc3 Qxc3 18. Rac1 Qa5 19. Ndf3 Qd8 20. h4 Nb4 21. Bb1 Nd3 22.
Rcd1 Re8 23. h5 Bf8 24. Qg5 Qxg5 25. Nxg5 h6 26. Nh3 Kh7 27. hxg6+ fxg6 28. f4
Nb6 29. Rf3 Na4 30. Ng4 Be7 31. Bxd3 cxd3 32. Rxd3 Ba6 33. Rd2 Kg7 34. Rdf2 Nc3
35. Rc2 Rac8 36. Kh2 Be2 37. Rg3 Bh4 38. Ng1 Bxg3+ 39. Kxg3 Ne4+ {White resigns}
0-1

[Event "Team 45 45 League T67"]
[Site "Internet Chess Club"]
[Date "2015.12.10"]
[Round "2"]
[White "isolani"]
[Black "FrankNautilus"]
[Result "0-1"]
[WhiteElo "1437"]
[BlackElo "1589"]
[Opening "QGA, 4.Nc3"]
[ECO "D24"]
[Time "18:00:10"]
[TimeControl "2700+45"]

1. d4 d5 2. Nf3 Nf6 3. c4 dxc4 4. Nc3 a6 5. a4 Nc6 6. e3 Na5 7. Ne5 Be6 8. e4
Nb3 9. d5 Nxa1 10. Bxc4 Bd7 11. O-O e6 12. Bg5 Be7 13. Bxf6 Bxf6 14. Nxf7 Kxf7
15. dxe6+ Bxe6 16. Bxe6+ Kxe6 17. Qg4+ Kf7 18. Rd1 Qf8 19. e5 Be7 20. Qc4+ Kg6
21. Qg4+ Kf7 22. Qc4+ Ke8 23. Qxc7 Nb3 24. e6 Nc5 25. Ne4 Qf5 26. Nxc5 Qxc5 27.
Qf4 Rf8 28. Qg3 Rd8 29. Rf1 Qd6 {White resigns} 0-1

[Event "Team 45 45 League T67"]
[Site "Internet Chess Club"]
[Date "2015.12.13"]
[Round "2"]
[White "QuieroAprender"]
[Black "pcvan"]
[Result "1-0"]
[WhiteElo "1652"]
[BlackElo "1483"]
[Opening "Sicilian: Grand Prix attack"]
[ECO "B21"]
[Time "18:00:57"]
[TimeControl "2700+45"]

1. e4 c5 2. f4 d5 3. Bb5+ Nc6 4. Bxc6+ bxc6 5. d3 g6 6. Nf3 Bg7 7. Qe2 e6 8. O-O
Ne7 9. e5 O-O 10. c4 Ba6 11. Be3 Qb6 12. Qf2 d4 13. Bc1 f6 14. Qe2 Qc7 15. exf6
Rxf6 16. Ng5 Qd7 17. Ne4 Rf5 18. g4 Rf7 19. Nxc5 Qc8 20. Qxe6 Qxe6 21. Nxe6 Bc8
22. Nxg7 Kxg7 23. g5 Bf5 24. Rf3 Raf8 25. h3 Be6 26. b3 Nf5 27. Ba3 Nh4 28.
Bxf8+ Rxf8 29. Rf2 Bxh3 30. Nd2 Bf5 31. Ne4 Bg4 32. Nc5 Nf3+ 33. Rxf3 Bxf3 34.
Ne6+ Kg8 35. Nxf8 Kxf8 36. Kf2 Bg4 37. Rh1 Kg7 38. Re1 Bf5 39. Re7+ Kg8 40. Rxa7
Bxd3 41. Rd7 Bb1 42. Rxd4 Bxa2 43. Rd8+ Kg7 44. Rd7+ Kg8 45. Rb7 c5 46. Ke3 Bb1
47. b4 cxb4 48. Rxb4 Ba2 49. c5 Kf7 50. Rb7+ Kg8 51. Kd4 {Black resigns} 1-0

[Event "Team 45 45 League T67"]
[Site "Internet Chess Club"]
[Date "2015.12.12"]
[Round "2"]
[White "HorseRadish"]
[Black "olivermx"]
[Result "1-0"]
[WhiteElo "1441"]
[BlackElo "1316"]
[Opening "Danish gambit"]
[ECO "C21"]
[Time "08:01:48"]
[TimeControl "2700+45"]

1. e4 e5 2. d4 exd4 3. c3 dxc3 4. Nxc3 d6 5. Nf3 Nf6 6. Bc4 Be6 7. Bxe6 fxe6 8.
Qb3 b6 9. Qxe6+ Qe7 10. Qc8+ Qd8 11. Qb7 Nbd7 12. Nb5 Rc8 13. Nxa7 Rb8 14. Qc6
Be7 15. Nb5 Rc8 16. Ng5 Bf8 17. Ne6 Qe7 18. Nbxc7+ Rxc7 19. Nxc7+ Kf7 20. Be3
Nxe4 21. O-O Nec5 22. Rfe1 Nd3 23. Qd5+ {Black resigns} 1-0

[Event "Team 45 45 League T67"]
[Site "Internet Chess Club"]
[Date "2015.12.11"]
[Round "2"]
[White "Roger43"]
[Black "searchforbobby1"]
[Result "1-0"]
[WhiteElo "2014"]
[BlackElo "2027"]
[Opening "Ruy Lopez: Marshall counter-attack, 11...c6"]
[ECO "C89"]
[Time "22:12:15"]
[TimeControl "2700+45"]

1. e4 e5 2. Nf3 Nc6 3. Bb5 a6 4. Ba4 Nf6 5. O-O Be7 6. Re1 b5 7. Bb3 O-O 8. c3
d5 9. exd5 Nxd5 10. Nxe5 Nxe5 11. Rxe5 c6 12. Re1 Bd6 13. g3 Bf5 14. d4 Qd7 15.
Be3 Rae8 16. Nd2 Bg4 17. Qb1 Kh8 18. Ne4 Bb8 19. Qd3 f5 20. Nc5 Qc8 21. f4 Bd6
22. Bf2 Bxc5 23. dxc5 Nf6 24. Rxe8 Rxe8 25. Bd4 Qd7 26. Bc2 Ne4 27. b4 Qf7 28.
Be5 Nf6 29. a4 Nd5 30. axb5 axb5 31. Bb3 Qb7 32. Bxd5 cxd5 33. Qd4 Re7 34. c4
bxc4 35. b5 h6 36. c6 Qxb5 37. c7 Qc6 38. Qa7 Kh7 39. c8=Q {Black forfeits on
time} 1-0

[Event "Team 45 45 League T67"]
[Site "Internet Chess Club"]
[Date "2015.12.13"]
[Round "2"]
[White "Monterrey"]
[Black "PolishRyszard"]
[Result "1-0"]
[WhiteElo "2033"]
[BlackElo "1937"]
[Opening "Queen's pawn game"]
[ECO "D02"]
[Time "14:02:19"]
[TimeControl "2700+45"]

1. d4 d5 2. Nf3 Bf5 3. c4 e6 4. Nc3 c6 5. Qb3 Qb6 6. c5 Qc7 7. Nh4 Nd7 8. Nxf5
exf5 9. g3 Ngf6 10. Bg2 Be7 11. Bf4 Qc8 12. Rc1 O-O 13. h4 Re8 14. h5 Nf8 15.
Qc2 Qe6 16. Bh3 g6 17. hxg6 fxg6 18. O-O Nh5 19. Bh6 Bf6 20. e3 Nd7 21. Ne2 Rac8
22. Nf4 Nxf4 23. Bxf4 b6 24. b4 b5 25. a4 a6 26. Ra1 Nf8 27. axb5 axb5 28. Ra7
Re7 29. Rfa1 Qf7 30. R7a6 Ne6 31. Bd6 Rd7 32. Qa2 Ng5 33. Bg2 Ne4 34. Bxe4 fxe4
35. Rxc6 Re8 36. Qa6 h5 37. Qxb5 Bxd4 38. exd4 e3 39. Qe2 Rb7 40. fxe3 Rxb4 41.
Rc7 Qf5 42. Be5 Rb1+ 43. Rxb1 Qxb1+ 44. Kh2 Qf5 45. Kg2 Ra8 46. Rg7+ Kf8 47. Qf2
{Black resigns} 1-0

[Event "Team 45 45 League T67"]
[Site "Internet Chess Club"]
[Date "2015.12.13"]
[Round "2"]
[White "modiglani"]
[Black "fishhead"]
[Result "1-0"]
[WhiteElo "1921"]
[BlackElo "1816"]
[Opening "Sicilian: closed"]
[ECO "B23"]
[Time "12:00:15"]
[TimeControl "2700+45"]

1. e4 c5 2. Nc3 a6 3. f4 e6 4. Nf3 d5 5. d3 Be7 6. g3 Nf6 7. e5 Nfd7 8. Bg2 Nc6
9. O-O O-O 10. Bd2 b5 11. a4 b4 12. Ne2 a5 13. g4 f6 14. exf6 Nxf6 15. g5 Nh5
16. Qe1 g6 17. h4 Bd6 18. Nh2 Qc7 19. Qf2 Ne7 20. Ng4 Nf5 21. Ne5 Nd4 22. Nxd4
Bxe5 23. Nb5 Qb8 24. Qxc5 Nxf4 25. Bxf4 Bxf4 26. Rae1 Bh2+ 27. Kh1 Rxf1+ 28.
Rxf1 Ba6 29. Qe7 Qe5 30. d4 Qb8 31. Qxe6+ Kh8 {Black resigns} 1-0

[Event "Team 45 45 League T67"]
[Site "Internet Chess Club"]
[Date "2015.12.12"]
[Round "2"]
[White "room-matt"]
[Black "LiangLiang"]
[Result "1-0"]
[WhiteElo "1856"]
[BlackElo "1816"]
[Opening "Sicilian: Grand Prix attack"]
[ECO "B23"]
[Time "12:00:24"]
[TimeControl "2700+45"]

1. e4 c5 2. Nc3 Nc6 3. f4 e6 4. Nf3 d5 5. Bb5 Ne7 6. Qe2 g6 7. Ne5 Bd7 8. exd5
Nxe5 9. Qxe5 Rg8 10. dxe6 Bxb5 11. Nxb5 Bg7 12. exf7+ Kxf7 13. Nd6+ Kf8 14. Qe6
{Black resigns} 1-0

[Event "Team 45 45 League T67"]
[Site "Internet Chess Club"]
[Date "2015.12.13"]
[Round "2"]
[White "Pomberito"]
[Black "hood"]
[Result "1-0"]
[WhiteElo "2004"]
[BlackElo "2024"]
[Opening "QGD semi-Slav"]
[ECO "D43"]
[Time "18:01:07"]
[TimeControl "2700+45"]

1. d4 d5 2. c4 c6 3. Nc3 Nf6 4. Nf3 e6 5. Bg5 Be7 6. e3 h6 7. Bh4 Nbd7 8. Rc1 b6
9. cxd5 exd5 10. Bd3 O-O 11. Bxf6 Bxf6 12. g4 Re8 13. h4 c5 14. g5 hxg5 15. hxg5
Bxd4 16. Nxd4 cxd4 17. Qh5 Kf8 18. Nxd5 f5 19. Qh8+ Kf7 20. g6+ Ke6 21. Nc7+
{Black resigns} 1-0

[Event "Team 45 45 League T67"]
[Site "Internet Chess Club"]
[Date "2015.12.13"]
[Round "2"]
[White "dp15"]
[Black "f5"]
[Result "0-1"]
[WhiteElo "1993"]
[BlackElo "2035"]
[Opening "Sicilian: Grand Prix attack"]
[ECO "B23"]
[Time "18:02:56"]
[TimeControl "2700+45"]

1. e4 c5 2. Nc3 Nc6 3. f4 g6 4. Nf3 Bg7 5. Bc4 d6 6. O-O e6 7. d3 Nge7 8. Qe1 a6
9. Qh4 h6 10. Bd2 Nd4 11. Nxd4 Bxd4+ 12. Kh1 Nc6 13. Qg3 Na5 14. f5 Nxc4 15.
dxc4 g5 16. Rae1 Be5 17. Qg4 Qe7 18. Na4 Bd7 19. Nb6 Rd8 20. Bc3 exf5 21. exf5
Bc6 22. Nd5 Bxd5 23. cxd5 f6 24. Bxe5 dxe5 25. d6 Rxd6 26. Rd1 Rd4 27. Rxd4 cxd4
28. c3 dxc3 29. bxc3 O-O 30. Rd1 Rd8 31. Qc4+ Kg7 32. Rxd8 Qxd8 33. h4 Qd7 34.
h5 Qd1+ 35. Kh2 Qxh5+ 36. Kg1 Qf7 37. Qb4 h5 38. a4 Qd7 39. a5 g4 40. Kh2 Qc7
41. Kg1 Qd7 42. Kh2 Kh6 43. Qe4 Kg5 44. Qe3+ Kxf5 45. Qh6 Qf7 46. Kg3 Qg6 47.
Qh8 Kg5 48. Qd8 h4+ 49. Kf2 g3+ 50. Ke1 Qe4+ 51. Kd1 Qxg2 52. Qg8+ Kf4 53. Qg6
Qf3+ 54. Kc1 Qxc3+ 55. Kb1 Qe1+ 56. Kb2 Qf2+ 57. Kb1 Ke3 58. Qh6+ Qf4 59. Qf8 g2
60. Qa3+ Kf2 61. Qb2+ Kg3 {White resigns} 0-1

[Event "Team 45 45 League T67"]
[Site "Internet Chess Club"]
[Date "2015.12.11"]
[Round "2"]
[White "soccerisfun"]
[Black "primerpaso"]
[Result "1-0"]
[WhiteElo "1812"]
[BlackElo "1874"]
[Opening "Sicilian: Najdorf, Lipnitzky attack"]
[ECO "B90"]
[Time "20:02:01"]
[TimeControl "2700+45"]

1. e4 c5 2. Nf3 d6 3. d4 cxd4 4. Nxd4 Nf6 5. Nc3 a6 6. Bc4 Qc7 7. Bb3 e6 8. O-O
Nc6 9. Be3 Bd7 10. f4 Be7 11. f5 e5 12. Nf3 h6 13. Nd5 Nxd5 14. Qxd5 O-O 15.
Rad1 Kh7 16. c3 Na5 17. Nxe5 Bb5 18. f6 Bxf6 19. Rxf6 dxe5 20. Rxf7 Rxf7 21.
Qxf7 Rc8 22. Qxc7 Rxc7 23. Bb6 Nxb3 24. Bxc7 Nc5 25. Bxe5 Nxe4 26. c4 Bc6 27. b4
g5 28. Rf1 Kg6 29. Rf8 g4 30. Bd4 Ng5 31. Rf6+ Kh7 32. Be3 Kg7 33. Bxg5 hxg5 34.
Rxc6 bxc6 35. Kf2 {Black resigns} 1-0

[Event "Team 45 45 League T67"]
[Site "Internet Chess Club"]
[Date "2015.12.11"]
[Round "2"]
[White "SirIvanhoe"]
[Black "krysto"]
[Result "1-0"]
[WhiteElo "1540"]
[BlackElo "1594"]
[Opening "French: King's Indian attack"]
[ECO "C00"]
[Time "19:08:56"]
[TimeControl "2700+45"]

1. e4 e6 2. d3 d5 3. Nd2 Nf6 4. Ngf3 c5 5. g3 Nc6 6. Bg2 Be7 7. O-O O-O 8. e5
Nd7 9. Re1 b5 10. c3 a5 11. d4 Ba6 12. Nf1 b4 13. h4 Bb5 14. Bh3 a4 15. a3 bxa3
16. bxa3 Na5 17. Rb1 Nb3 18. Be3 Qa5 19. Qc2 Rfc8 20. N1d2 Nxd2 21. Qxd2 cxd4
22. cxd4 Bxa3 23. Qxa5 Rxa5 24. Bd2 Bd3 25. Rb7 Raa8 26. Rxd7 Bb2 27. Bf1 Bg6
28. Bb4 a3 29. Bxa3 Rxa3 30. Rb7 Bc1 31. Rxc1 {Black resigns} 1-0

[Event "Team 45 45 League T67"]
[Site "Internet Chess Club"]
[Date "2015.12.10"]
[Round "2"]
[White "portis2"]
[Black "Ostap-Bender"]
[Result "1-0"]
[WhiteElo "1578"]
[BlackElo "1392"]
[Opening "QGA, 4.Nc3"]
[ECO "D24"]
[Time "11:00:06"]
[TimeControl "2700+45"]

1. d4 d5 2. c4 dxc4 3. Nf3 Nf6 4. Nc3 c5 5. e3 e6 6. Bxc4 Nc6 7. O-O cxd4 8.
exd4 Be7 9. Bg5 O-O 10. a3 a6 11. Qd3 b5 12. Ba2 h6 13. Bxf6 Bxf6 14. Rad1 b4
15. Bb1 g6 16. axb4 Nxb4 17. Qd2 Bg7 18. Na4 Nd5 19. Rfe1 Bd7 20. Nc5 Bb5 21.
Re4 Nf6 22. Rh4 Qd5 23. Ne4 h5 24. Nxf6+ Bxf6 25. Be4 Qd8 26. Rxh5 gxh5 27. Qh6
{Black resigns} 1-0

[Event "Team 45 45 League T67"]
[Site "Internet Chess Club"]
[Date "2015.12.12"]
[Round "2"]
[White "stantheman59"]
[Black "Berke"]
[Result "1/2-1/2"]
[WhiteElo "1253"]
[BlackElo "1499"]
[Opening "French: advance, Euwe variation"]
[ECO "C02"]
[Time "16:04:06"]
[TimeControl "2700+45"]

1. e4 e6 2. d4 d5 3. e5 c5 4. Nf3 Nc6 5. c3 Bd7 6. Be2 Nge7 7. Nbd2 Nf5 8. Nb3
cxd4 9. cxd4 Qb6 10. a3 a5 11. O-O a4 12. Nc5 Bxc5 13. dxc5 Qxc5 14. Bd3 Nfd4
15. Nxd4 Qxd4 16. Re1 Nxe5 17. Be3 Qxd3 18. Qh5 Ng6 19. Bc5 Rc8 20. Rad1 Qb3 21.
Rxd5 Rxc5 22. Rxc5 Bc6 {Game drawn by mutual agreement} 1/2-1/2

[Event "Team 45 45 League T67"]
[Site "Internet Chess Club"]
[Date "2015.12.13"]
[Round "2"]
[White "cayo89"]
[Black "LordKinbote"]
[Result "0-1"]
[WhiteElo "1589"]
[BlackElo "1676"]
[Opening "Scotch gambit: Dubois-Réti defense"]
[ECO "C55"]
[Time "13:01:01"]
[TimeControl "2700+45"]

1. e4 e5 2. Nf3 Nc6 3. d4 exd4 4. Bc4 Nf6 5. e5 d5 6. Bb5 Ne4 7. Nxd4 Bc5 8. Be3
Bd7 9. Bxc6 bxc6 10. Nd2 Bxd4 11. Bxd4 c5 12. Nxe4 cxd4 13. Nc5 Qg5 14. Qxd4
Qxg2 15. O-O-O Be6 16. Qa4+ Kf8 17. Qb4 Qg5+ 18. f4 Qe7 19. Rdf1 Bf5 20. Qd4 c6
21. Rhg1 Rg8 22. h4 Qxh4 23. e6 fxe6 24. Nd7+ Kf7 25. Ne5+ Ke8 26. Nxc6 Rc8 27.
Ne5 Rxc2+ 28. Kd1 Qh5+ 29. Rg4 Bxg4+ 30. Kxc2 Bf5+ 31. Kc1 Ke7 32. Qxa7+ Kf6 33.
Qd4 Rc8+ 34. Nc4+ Kf7 35. Qa7+ Kg8 36. Rf2 Rxc4+ 37. Kd2 Rc2+ 38. Ke3 Rxf2 39.
Kxf2 Qh2+ 40. Ke3 Qg1+ {White resigns} 0-1

[Event "Team 45 45 League T67"]
[Site "Internet Chess Club"]
[Date "2015.12.11"]
[Round "2"]
[White "Invicta-Knight"]
[Black "Hal2001"]
[Result "1-0"]
[WhiteElo "1581"]
[BlackElo "1647"]
[Opening "Robatsch defense"]
[ECO "B34"]
[Time "08:21:13"]
[TimeControl "2700+45"]

1. e4 g6 2. d4 Bg7 3. Nc3 c5 4. Nf3 cxd4 5. Nxd4 Nc6 6. Be3 d6 7. Bb5 Bd7 8. Qd3
a6 9. Ba4 Nf6 10. O-O O-O 11. f4 Ng4 12. Nxc6 Bxc6 13. Bxc6 bxc6 14. Rf3 Nxe3
15. Qxe3 Rb8 16. b3 Qb6 17. Qxb6 Rxb6 18. Rd1 Rb4 19. a3 Rd4 20. Rfd3 Rxd3 21.
Rxd3 f6 22. f5 Kf7 23. Ne2 Rb8 24. Nd4 c5 25. Ne6 Bh6 26. Rh3 {Black resigns}
1-0

[Event "Team 45 45 League T67"]
[Site "Internet Chess Club"]
[Date "2015.12.13"]
[Round "2"]
[White "Constrictor"]
[Black "parrot9"]
[Result "0-1"]
[WhiteElo "1591"]
[BlackElo "1660"]
[Opening "QGD semi-Slav"]
[ECO "D43"]
[Time "16:04:54"]
[TimeControl "2700+45"]

1. Nf3 d5 2. d4 Nf6 3. c4 c6 4. Nc3 e6 5. cxd5 cxd5 6. Bg5 Be7 7. e3 a6 8. Be2
Nbd7 9. O-O O-O 10. Rc1 b5 11. a3 Bb7 12. Rc2 Ne4 13. Bxe7 Qxe7 14. Qd3 Rac8 15.
Rfc1 Ndf6 16. h3 h6 17. Ne5 Rfd8 18. Nxe4 dxe4 19. Qd1 Qd6 20. Bh5 Nxh5 21. Qxh5
Qe7 22. Qxf7+ Qxf7 23. Nxf7 Kxf7 24. Rc7+ Kf6 25. R1c5 Rxc7 26. Rxc7 Bd5 27. Kf1
Rd6 28. Rc5 Rc6 29. b4 Rxc5 30. dxc5 Ke5 31. Ke1 Bc4 32. g3 g6 33. Kd2 Bf1 34.
h4 h5 35. Kc3 Bc4 36. a4 Kd5 37. a5 Ke5 38. Kd2 Bd5 39. Kc3 Bc6 40. Kd2 Kf5 41.
Kc3 Kg4 42. Kd4 Kf3 43. Ke5 Kxf2 44. Kd6 Bd5 45. c6 Bxc6 46. Kxc6 Kxe3 47. Kb6
Kd2 48. Kxa6 e3 49. Kb7 e2 50. a6 e1=Q 51. a7 Qe4+ 52. Kb8 Qe5+ 53. Kc8 Qd5 54.
Kb8 Qd6+ 55. Kb7 Qd5+ 56. Kb8 e5 {White resigns} 0-1

[Event "Team 45 45 League T67"]
[Site "Internet Chess Club"]
[Date "2015.12.11"]
[Round "2"]
[White "herrahuu"]
[Black "Gilguli"]
[Result "0-1"]
[WhiteElo "1486"]
[BlackElo "1467"]
[Opening "QGD Slav: 4.Nc3"]
[ECO "D15"]
[Time "07:17:26"]
[TimeControl "2700+45"]

1. d4 d5 2. Nf3 Nf6 3. c4 c6 4. Nc3 Bf5 5. cxd5 cxd5 6. Qb3 b6 7. Bg5 Nbd7 8.
Nxd5 Nxd5 9. Qxd5 Be6 10. Qb5 a6 11. Qd3 h6 12. Bf4 b5 13. b3 Nf6 14. e3 Qd7 15.
Ne5 Qc7 16. Ng6 Qa5+ 17. Ke2 fxg6 18. Qxg6+ Bf7 19. Qd3 Rc8 20. g3 Rc3 21. Qd2
Ne4 22. Qb2 Qb4 23. f3 Bc4+ 24. Kd1 Bxf1 25. Rxf1 Rd3+ 26. Kc1 Rd2 27. fxe4 Rxb2
28. Kxb2 e6 29. a3 Qd2+ 30. Kb1 Be7 31. Be5 Qd3+ 32. Kb2 Qe2+ 33. Kc3 Rf8 34.
Rxf8+ Kxf8 35. d5 exd5 36. Kd4 Bf6 37. Kxd5 Bxe5 38. Kxe5 Qb2+ {White resigns}
0-1

[Event "Team 45 45 League T67"]
[Site "Internet Chess Club"]
[Date "2015.12.11"]
[Round "2"]
[White "Invicta-Knight"]
[Black "fireball"]
[Result "1/2-1/2"]
[WhiteElo "1583"]
[BlackElo "1614"]
[Opening "French: advance, Euwe variation"]
[ECO "C02"]
[Time "12:10:07"]
[TimeControl "2700+45"]

1. e4 e6 2. d4 d5 3. e5 c5 4. c3 Nc6 5. Nf3 Bd7 6. Bd3 f6 7. Qe2 cxd4 8. cxd4
Bb4+ 9. Nc3 a6 10. a3 Ba5 11. b4 Bb6 12. Be3 fxe5 13. Nxe5 Nxe5 14. dxe5 d4 15.
Qh5+ Kf8 16. Qf3+ Ke8 17. Qh5+ Kf8 18. Qf3+ Ke8 {Game drawn by mutual agreement}
1/2-1/2

[Event "Team 45 45 League T67"]
[Site "Internet Chess Club"]
[Date "2015.12.15"]
[Round "2"]
[White "mongmong"]
[Black "bardu"]
[Result "0-1"]
[WhiteElo "1608"]
[BlackElo "1360"]
[Opening "Queen's Indian: 4.e3"]
[ECO "E14"]
[Time "18:11:15"]
[TimeControl "2700+45"]

1. d4 Nf6 2. Nf3 e6 3. e3 b6 4. c4 Bb7 5. Bd3 d5 6. O-O dxc4 7. Bxc4 a6 8. Qe2
Nbd7 9. Nc3 c5 10. a4 cxd4 11. Nxd4 Qc7 12. Rd1 Bd6 13. h3 O-O 14. Bd3 e5 15.
Nf5 e4 16. Bc2 Be5 17. Bd2 Rfd8 18. Rac1 Nc5 19. Be1 Rxd1 20. Rxd1 Rd8 21. Rxd8+
Qxd8 22. Qd2 Nd3 23. Bxd3 exd3 24. f3 Bc8 25. Ng3 Bxg3 26. Bxg3 Nh5 27. Be5 Bxh3
28. gxh3 Qg5+ 29. Kf1 Qxe5 30. Qxd3 Qf6 31. f4 Qh4 32. Qxa6 Qxh3+ 33. Ke2 Ng3+
34. Kd3 Qf1+ 35. Ne2 Qxe2+ {White resigns} 0-1

[Event "Team 45 45 League T67"]
[Site "Internet Chess Club"]
[Date "2015.12.12"]
[Round "2"]
[White "BrerRabbit"]
[Black "GideonL"]
[Result "1/2-1/2"]
[WhiteElo "1472"]
[BlackElo "1463"]
[Opening "Queen's pawn, Mason variation"]
[ECO "D00"]
[Time "19:03:41"]
[TimeControl "2700+45"]

1. d4 d5 2. Bf4 Nf6 3. e3 g6 4. Nf3 Bg7 5. Be2 O-O 6. O-O Nc6 7. c4 e6 8. Nc3
dxc4 9. Bxc4 Bd7 10. Ne5 Nxe5 11. Bxe5 a6 12. Be2 Rc8 13. Rc1 Nd5 14. Bxg7 Nxc3
15. bxc3 Kxg7 16. Rb1 b5 17. Bf3 Rb8 18. Be4 Qe8 19. Bd3 Qe7 20. Qb3 c5 21. Be2
c4 22. Qb4 Qxb4 23. Rxb4 Bc6 24. Rfb1 Rb6 {Game drawn by mutual agreement}
1/2-1/2

[Event "Team 45 45 League T67"]
[Site "Internet Chess Club"]
[Date "2015.12.13"]
[Round "2"]
[White "dabodhi"]
[Black "PsyMar"]
[Result "0-1"]
[WhiteElo "1423"]
[BlackElo "1464"]
[Opening "Scotch gambit"]
[ECO "C44"]
[Time "20:06:25"]
[TimeControl "2700+45"]

1. e4 e5 2. Nf3 Nc6 3. d4 exd4 4. Bc4 Bc5 5. c3 d6 6. cxd4 Bb4+ 7. Nc3 Qe7 8.
Qe2 Bg4 9. Qe3 Bxf3 10. gxf3 O-O-O 11. Bd2 Nh6 12. Nd5 Bxd2+ 13. Qxd2 Qh4 14.
O-O-O Rde8 15. Bb5 f5 16. Bxc6 bxc6 17. Nb4 fxe4 18. Nxc6 a6 19. Rhe1 exf3 20.
Qc2 Ng4 21. Qf5+ Kb7 22. Na5+ Ka7 23. Qxf3 Qg5+ 24. Kb1 Qxa5 25. Rxe8 Rxe8 26.
Qxg4 g6 27. Rc1 Re1 28. d5 Rxc1+ 29. Kxc1 Qe1+ 30. Kc2 Qxf2+ 31. Kc3 Qc5+ 32.
Kd3 Qxd5+ 33. Qd4+ Qxd4+ 34. Kxd4 Kb6 35. Kd5 g5 36. Kc4 h5 37. b4 g4 38. Kd4 h4
39. Ke3 c5 40. bxc5+ dxc5 41. Kd3 Kb5 42. Ke3 c4 43. a3 Ka4 44. Kd4 g3 45. hxg3
hxg3 {White resigns} 0-1

[Event "Team 45 45 League T67"]
[Site "Internet Chess Club"]
[Date "2015.12.15"]
[Round "2"]
[White "Elalfer"]
[Black "kutch"]
[Result "1-0"]
[WhiteElo "1586"]
[BlackElo "1545"]
[Opening "Queen's Indian: 4.Nc3"]
[ECO "E12"]
[Time "18:56:04"]
[TimeControl "2700+45"]

1. d4 Nf6 2. c4 e6 3. Nf3 b6 4. Nc3 Bb7 5. e3 d5 6. b3 Bb4 7. Bb2 Ne4 8. Rc1 O-O
9. Be2 Nd7 10. O-O Ndf6 11. a3 Nxc3 12. Bxc3 Bxa3 13. Rb1 Ne4 14. Be1 Bd6 15.
Qc2 c5 16. Nd2 Nxd2 17. Qxd2 dxc4 18. bxc4 Bxh2+ 19. Kxh2 Qh4+ 20. Kg1 Qe4 21.
Bf3 Qxb1 22. Bxb7 Rad8 23. f3 cxd4 24. exd4 Qa1 25. Bf2 Qa4 26. Qc3 Qd7 27. Ba6
Qc7 28. Ra1 Rd5 29. Bg3 Qxg3 30. cxd5 exd5 31. Bb7 a5 32. Bxd5 Qg5 33. Bc4 b5
34. Rxa5 Rb8 35. Rxb5 Rxb5 36. Bxb5 Qxb5 37. Qc8+ {Black resigns} 1-0

[Event "Team 45 45 League T67"]
[Site "Internet Chess Club"]
[Date "2015.12.11"]
[Round "2"]
[White "jpokerflat"]
[Black "Ostap-Bender"]
[Result "1-0"]
[WhiteElo "1346"]
[BlackElo "1373"]
[Opening "Sicilian: Taimanov variation"]
[ECO "B45"]
[Time "15:01:10"]
[TimeControl "2700+45"]

1. e4 c5 2. Nf3 e6 3. d4 cxd4 4. Nxd4 Nc6 5. Nc3 Nf6 6. a3 a6 7. Be3 Be7 8. Bd3
O-O 9. O-O Qc7 10. Qd2 b5 11. Nce2 d5 12. Nxc6 Qxc6 13. exd5 Qxd5 14. b4 Bb7 15.
f3 Rac8 16. Nd4 Bd6 17. c3 e5 18. Nf5 Bc7 19. Ne7+ {Black resigns} 1-0

[Event "Team 45 45 League T67"]
[Site "Internet Chess Club"]
[Date "2015.12.12"]
[Round "2"]
[White "Visin"]
[Black "Kingfisher75"]
[Result "1-0"]
[WhiteElo "1291"]
[BlackElo "1611"]
[Opening "English opening"]
[ECO "A13"]
[Time "09:00:45"]
[TimeControl "2700+45"]

1. c4 e6 2. Nc3 d5 3. e3 Nf6 4. Nge2 c6 5. b3 Bd6 6. Nd4 e5 7. Nf3 Bg4 8. Be2 e4
9. Nd4 Bxe2 10. Qxe2 O-O 11. Bb2 Nbd7 12. Na4 Ne5 13. O-O Nd3 14. Bc3 Qd7 15.
Nb2 Ne5 16. f3 exf3 17. Nxf3 Nxf3+ 18. Qxf3 Ne4 19. Nd1 Nxc3 20. Nxc3 dxc4 21.
bxc4 Rad8 22. d4 Qc7 23. g3 c5 24. Nb5 Qb6 25. Rab1 Qa6 26. Rb2 cxd4 27. exd4 b6
28. Re2 Qc8 29. Nxd6 Rxd6 30. Qd3 Rfd8 31. d5 Qc5+ 32. Kg2 b5 33. cxb5 Rxd5 34.
Qb3 Qxb5 35. Rfe1 Qxb3 36. Re8+ {Black resigns} 1-0

[Event "Team 45 45 League T67"]
[Site "Internet Chess Club"]
[Date "2015.12.12"]
[Round "2"]
[White "Aquaman"]
[Black "stasis009"]
[Result "1-0"]
[WhiteElo "1331"]
[BlackElo "1224"]
[Opening "English, 1...Nf6 (Anglo-Indian defense)"]
[ECO "A15"]
[Time "15:04:54"]
[TimeControl "2700+45"]

1. c4 Nf6 2. g3 Nc6 3. Bg2 e5 4. Nc3 Bb4 5. Qc2 d6 6. a3 Bxc3 7. Qxc3 Bd7 8. d3
O-O 9. Nf3 h6 10. O-O Re8 11. Nd2 Rb8 12. e3 Be6 13. b4 d5 14. c5 d4 15. Qc2 Nd5
16. e4 Nc3 17. Re1 Qd7 18. Bb2 b6 19. Bxc3 dxc3 20. Qxc3 f6 21. Nf3 Red8 22.
Red1 Nd4 23. Nxd4 exd4 24. Qc1 c6 25. f4 f5 26. e5 b5 27. Qd2 Rdc8 28. a4 Bb3
29. Rdc1 bxa4 30. Re1 Re8 31. Bf3 g6 32. Bd1 Bxd1 33. Rexd1 Qe6 34. Rxa4 Qb3 35.
Rda1 Rb7 36. R1a3 Qf7 37. Qb2 Qd7 38. Qa2+ Kg7 39. Rxa7 Reb8 40. R3a6 Kf8 41.
Qa5 Qc8 42. Ra8 Rxb4 43. Rxb8 Rb1+ 44. Kf2 Rxb8 45. Rb6 Ra8 46. Ra6 Qxa6 47. Qc7
Qxd3 48. Qd6+ Kg8 49. Qxg6+ Kf8 50. Qxh6+ Ke7 51. Qd6+ Ke8 52. Qxc6+ Kf7 53.
Qxa8 Qe3+ 54. Kg2 Qe4+ 55. Qxe4 fxe4 56. Kf2 Ke6 57. Ke2 Kd5 58. c6 Kxc6 59. h4
Kd5 60. h5 d3+ 61. Kd2 Kd4 62. e6 e3+ 63. Kd1 Kc3 64. e7 e2+ 65. Ke1 d2+ 66.
Kxe2 Kc2 67. e8=Q d1=Q+ 68. Kf2 Qd4+ 69. Qe3 {Black resigns} 1-0

[Event "Team 45 45 League T67"]
[Site "Internet Chess Club"]
[Date "2015.12.15"]
[Round "2"]
[White "rubo"]
[Black "RD1974"]
[Result "1/2-1/2"]
[WhiteElo "1615"]
[BlackElo "1692"]
[Opening "Scandinavian: Pytel-Wade variation"]
[ECO "B01"]
[Time "17:00:15"]
[TimeControl "2700+45"]

1. e4 d5 2. exd5 Qxd5 3. Nc3 Qd6 4. d4 Nf6 5. Nf3 c6 6. h3 Bf5 7. Bd3 Bg6 8. Be3
Nbd7 9. Qd2 e6 10. Bf4 Qb4 11. O-O Bd6 12. Be5 Bxd3 13. Qxd3 Bxe5 14. dxe5 Nc5
15. Qe3 Nd5 16. Nxd5 cxd5 17. c3 Qb6 18. Qg5 O-O 19. b3 Ne4 20. Qc1 Rfc8 21. c4
Rc7 22. Qc2 Rac8 23. Rac1 a5 24. Qe2 Ng3 25. Qd3 Nxf1 26. Ng5 g6 27. Kxf1 dxc4
28. bxc4 Qb2 29. Rc2 Qxe5 30. Ne4 b5 31. c5 b4 32. Qf3 Kg7 33. g3 f5 34. Nd6
Rxc5 35. Rxc5 Qxc5 36. Qb7+ Kh6 37. Nxc8 Qc4+ 38. Kg2 Qxa2 39. Nd6 Qd5+ 40. Qxd5
exd5 41. Nb5 a4 42. Nd4 b3 43. Nb5 d4 44. Kf3 g5 45. Ke2 Kg6 46. Kd3 h5 47. Nxd4
b2 48. Kc2 a3 49. Nb5 Kf6 50. Nxa3 Ke5 51. Kd3 f4 52. Nc4+ Kf5 53. Nxb2 fxg3 54.
fxg3 h4 55. gxh4 g4 56. Ke3 gxh3 57. Kf3 h2 58. Kg2 h1=Q+ 59. Kxh1 Kg4 60. Kg2
Kxh4 {Game drawn because neither player has mating material} 1/2-1/2